 Dungeon Crawl Stone Soup version 0.19-b1-3-g7dea586 (webtiles) character file.

77073 lorenzova the Unseen (level 15, -25/70 HPs)
             Began as a Spriggan Enchanter on Oct 29, 2016.
             Was the Champion of Dithmenos.
             Annihilated by an orc warlord
             ... wielding a +3 bardiche of freezing
              (56 damage)
             ... on level 2 of the Orcish Mines.
             The game lasted 01:25:47 (29231 turns).

lorenzova the Unseen (Spriggan Enchanter)          Turns: 29231, Time: 01:25:48

Health: -25/70     AC:  4    Str:  4    XL:     15   Next: 14%
Magic:  0/32       EV: 34    Int: 19    God:    Dithmenos [******]
Gold:   2511       SH:  0    Dex: 27    Spells: 7 memorised, 20 levels left

rFire  . . .     SeeInvis +     J - +0 short sword (drain)
rCold  + . .     Gourm    .     p - +0 troll leather armour
rNeg   . . .     Faith    .     (shield restricted)
rPois  .         Spirit   +     (helmet restricted)
rElec  .         Reflect  .     (no cloak)
rCorr  .         Harm     .     (gloves unavailable)
MR     ++...                    (boots unavailable)
Stlth  ++++++++++               K - amulet of guardian spirit
                                x - +4 ring of dexterity
                                n - ring of protection from cold

@: lethally poisoned (-25 -> -25), very slightly contaminated, wreathed by
umbra, very quick
A: unfitting armour, see invisible, clever 1, herbivore 3, speed 3, mutation
resistance 1, slow metabolism 2
a: Shadow Step, Shadow Form, Renounce Religion


You were on level 2 of the Orcish Mines.
You worshipped Dithmenos.
Dithmenos was exalted by your worship.
You were not hungry.

You visited 4 branches of the dungeon, and saw 22 of its levels.
You also visited: Ice Cave.

You collected 2702 gold pieces.
You spent 191 gold pieces at shops.

Inventory:

Hand Weapons
 D - a +0 short sword of venom
 J - a +0 short sword of draining (weapon)
Armour
 b - a +2 robe
 p - a +0 troll leather armour (worn)
Rods
 s - a +0 rod of inaccuracy (9/9)
   (You found it on level 4 of the Dungeon)
Jewellery
 i - a +3 ring of intelligence
 n - a ring of protection from cold (left hand)
 u - an uncursed ring of flight
 x - a +4 ring of dexterity (right hand)
 C - an uncursed ring of fire
 K - an amulet of guardian spirit (around neck)
Wands
 e - a wand of teleportation (8/9)
 o - a wand of confusion (32/48)
 z - a wand of disintegration (18/24)
 H - a wand of lightning (10/15)
 S - a wand of digging (11/24)
Scrolls
 c - a scroll of enchant armour
 g - 16 scrolls of remove curse
 h - 5 scrolls of fog
 m - 8 scrolls of teleportation
 y - 6 scrolls of identify
 E - 4 scrolls of vulnerability
 F - a scroll of recharging
 G - 2 scrolls of blinking
 L - 3 scrolls of enchant weapon {unknown}
 N - a scroll of brand weapon
 O - 4 scrolls of magic mapping
 P - a scroll of noise {unknown}
 U - 5 scrolls of amnesia
Potions
 a - 2 potions of lignification
 f - a potion of resistance {unknown}
 j - 11 potions of curing
 k - 2 potions of heal wounds
 l - 2 potions of ambrosia
 q - 2 potions of haste
 r - 3 potions of flight
 t - 2 potions of cure mutation
 v - 4 potions of brilliance
 w - a potion of berserk rage
 A - a potion of might
 M - a potion of invisibility {unknown}
 T - a potion of mutation
 W - a potion of magic
Comestibles
 d - 10 bread rations
 B - a slice of pizza


   Skills:
 - Level 4.5 Fighting
 + Level 8.8 Short Blades
 * Level 16.3 Dodging
 * Level 20.6 Stealth
 - Level 12.3 Spellcasting
 - Level 12.5 Hexes
 - Level 9.5 Charms
 - Level 5.1 Translocations
 * Level 0.7 Ice Magic
 - Level 5.9 Air Magic


You had 20 spell levels left.
You knew the following spells:

 Your Spells              Type           Power        Failure   Level  Hunger
a - Corona                Hex            ######.      1%          1    None
b - Ensorcelled Hibernat  Hex/Ice        #####.       1%          2    None
c - Confuse               Hex            ######..     1%          3    None
d - Metabolic Englaciati  Hex/Ice        #####.....   21%         5    ####...
e - Mephitic Cloud        Conj/Pois/Air  ###.....     14%         3    None
g - Repel Missiles        Chrm/Air       #####.       1%          2    None
p - Blink                 Tloc           N/A          1%          2    None


Dungeon Overview and Level Annotations

Branches:
Dungeon (13/15)            Temple (1/1) D:6            Lair (6/6) D:9
 Shoals (0/4) Lair:4        Snake (0/4) Lair:2        Slime (0/5) Lair:5
    Orc (2/2) D:10            Elf (0/3) Orc:2        Vaults (0/5) D:13

Altars:
Cheibriados
Dithmenos
Elyvilon
Gozag
Hepliaklqana
Kikubaaqudgha
Makhleb
Okawaru
Qazlal
Ru
Sif Muna
Trog
Uskayaw
Xom
Zin
The Shining One

Shops:
D:4 ((*!   D:6 ?   D:10 [:   Orc:1 }   Orc:2 *=(*[

Portals:
Hell: Lair:6

Annotations:
D:10 2 runed doors
D:13 3 runed doors, exclusion: orange crystal statue
Lair:4 exclusion: oklob plant


Innate Abilities, Weirdness & Mutations

You are very small and have problems with some larger weapons.
You are too small for most types of armour.
You have supernaturally acute eyesight. (SInv)
You are a herbivore.
You cover ground extremely quickly.
You need consume almost no food.
Your mind is acute. (Int +2)
You are somewhat resistant to further mutation.


Message History

Dithmenos accepts your kill.
The orc hits you with a short sword of venom.
You are poisoned.
Casting: Ensorcelled Hibernation
Confirm with . or Enter, or press ? or * to list all spells.
Aiming: Ensorcelled Hibernation
Press: ? - help, Shift-Dir - straight line, f - orc
Aim: an orc (unusually strong, umbra, chance to defeat MR: 79%)
You miscast Ensorcelled Hibernation.
Frost spreads across the the floor.
You feel sick. The orc completely misses you.
The orc warlord hits you from afar with a bardiche of freezing!!
You emit a cloud of dark smoke.
The orc warlord freezes you. The orc completely misses you.
The orc closely misses you.
You hit the fungus.
The fungus is lightly damaged.
You feel sick. The orc completely misses you.
The orc warlord hits you from afar with a bardiche of freezing!!!
Ouch! That really hurt!
You die...

#))#.......##.<.....#.#..........
........#.###...##.#...#......##.
#.##.#.#...###.## # #...#...##.
.####.......).P.## ##.###.....
..##.........P...# # #... .
...##......P)....## ##..#.o.#
....#.#..P.)...§§§# #.....o.#
.#............§P§§# ####........
..#.#.......∩.§§@§# ##..#....oo..
.#.####........§oo###..o.........
#...# #.....8....oo#....#§§......
.)..# #............)(..##§.)o....
#...##.....P.....(.)....).).)§...
...###.............[.....)...§...
...# ##................#....#§#.#
...# #...........#....#.........
...# ......#.#....##.###'o######


You could see 2 orc warlords and 2 orcs.

Vanquished Creatures
  Rupert (Lair:6)
  An orc warlord (Orc:2)
  Nessos (Lair:6)
  A dire elephant (Lair:6)
  Snorg (Lair:4)
  9 hydras
  4 vault guards (D:13)
  3 death yaks
  A tengu warrior (D:13)
  4 orc high priests (Orc:2)
  A sun demon (Lair:6)
  A sixfirhy (Lair:6)
  3 unseen horrors
  6 hill giants
  A wizard (Lair:6)
  A wolf spider zombie (D:13)
  8 orc knights
  5 orc sorcerers (Orc:2)
  3 cyclopes
  2 manticores
  5 ugly things
  6 elephants (Lair:3)
  2 centaur zombies
  A gargoyle (D:13)
  4 black mambas
  7 spiny frogs
  A centaur skeleton (D:11)
  3 rime drakes
  4 komodo dragons
  5 ice devils (Lair:6)
  A redback zombie (D:13)
  A hellwing (Lair:6)
  A red devil (Lair:6)
  A queen bee (D:9)
  9 trolls
  A polar bear (Lair:5)
  A hornet (D:13)
  5 blink frogs (Lair:1)
  11 hippogriffs
  3 slime creatures (D:12)
  Sigmund (D:5)
  A vampire (D:13)
  The ghost of slayr the Ruffian, an amateur VSTm (D:4)
  2 shadows
  35 yaks
  4 wyverns
  2 basilisks
  A yak (shapeshifter) (D:13)
  A hungry ghost (D:9)
  13 wargs
  Menkaure (D:7)
  2 nagas (Lair:2)
  A hell hound (Lair:6)
  13 water moccasins
  9 porcupines
  6 sky beasts
  15 ice beasts
  3 phantoms
  A hornet zombie (D:7)
  41 orc warriors
  An eye of draining (D:9)
  A necrophage (D:9)
  A black bear (D:9)
  11 ogres
  17 wolves
  3 centaurs
  16 crocodiles
  8 big kobolds
  10 bullfrogs
  A wyvern zombie (D:10)
  A water moccasin skeleton (D:9)
  9 scorpions
  29 killer bees
  The ghost of Lluna the Ruffian, a weakling DrTm (D:3)
  8 wights
  4 crimson imps
  5 howler monkeys
  2 quasits
  4 bullfrog zombies
  5 bullfrog skeletons
  8 jellies
  13 orc priests
  4 hounds
  7 iguanas
  25 orc wizards
  8 worker ants
  A hound zombie (D:10)
  4 hound skeletons
  A worker ant zombie (D:9)
  A howler monkey zombie (D:5)
  20 adders
  An ooze (Lair:5)
  2 dart slugs
  8 leopard geckos
  82 orcs
  6 giant cockroaches
  7 goblins
  8 hobgoblins
  8 jackals
  38 kobolds
  8 quokkas
  A ball python zombie (D:5)
  15 bats
  6 frilled lizards
  3 jackal skeletons
  2 quokka skeletons
  A quokka zombie (D:6)
  8 rats
715 creatures vanquished.

Vanquished Creatures (collateral kills)
  A killer bee (D:7)
  A fungus (D:4)
2 creatures vanquished.

Vanquished Creatures (others)
  A killer bee (D:7)
  A bat (D:4)
  27 fungi
  2 plants (D:9)
31 creatures vanquished.

Grand Total: 748 creatures vanquished

Notes
Turn   | Place    | Note
-------+----------+-------------------------------------------
     0 | D:1      | lorenzova the Spriggan Enchanter began the quest for the Orb.
     0 | D:1      | Reached XP level 1. HP: 9/9 MP: 5/5
   125 | D:1      | Reached XP level 2. HP: 9/13 MP: 6/6
   458 | D:1      | Reached skill level 5 in Stealth
   479 | D:1      | Learned a level 2 spell: Ensorcelled Hibernation
  1445 | D:1      | Reached XP level 3. HP: 14/16 MP: 2/8
  2064 | D:2      | Learned a level 3 spell: Confuse
  2111 | D:2      | Reached XP level 4. HP: 21/21 MP: 7/10
  2156 | D:2      | Found a white marble altar of Elyvilon.
  2156 | D:2      | Found an ancient bone altar of Kikubaaqudgha.
  2157 | D:2      | Found a bloodstained altar of Trog.
  2169 | D:2      | Found a deep blue altar of Sif Muna.
  3020 | D:3      | Found a stormy altar of Qazlal.
  3388 | D:3      | Noticed Lluna's ghost (weakling DrTm)
  3413 | D:3      | Killed Lluna's ghost
  3413 | D:3      | Reached skill level 6 in Stealth
  3413 | D:3      | Reached skill level 5 in Hexes
  3413 | D:3      | Reached XP level 5. HP: 24/24 MP: 8/12
  3757 | D:4      | Noticed an ogre
  3790 | D:4      | Killed an ogre
  3928 | D:4      | Reached XP level 6. HP: 28/28 MP: 14/14
  3977 | D:4      | Found Fafem's Antique Weapon Emporium.
  4008 | D:4      | Found Yvotudos's Antique Weapon Boutique.
  4085 | D:4      | Reached skill level 5 in Spellcasting
  4092 | D:4      | Found Diucil's General Store.
  4094 | D:4      | Reached skill level 7 in Stealth
  4097 | D:4      | Bought a scroll of identify for 22 gold pieces
  4138 | D:4      | Found Juzi's Distillery.
  4141 | D:4      | Noticed slayr's ghost (amateur VSTm)
  4166 | D:4      | Killed slayr's ghost
  4418 | D:4      | Reached XP level 7. HP: 14/32 MP: 2/16
  4424 | D:4      | Gained mutation: Your mind is acute. (Int +2) [potion of beneficial mutation]
  4425 | D:4      | Gained mutation: You are somewhat resistant to further mutation. [potion of beneficial mutation]
  4684 | D:4      | Reached skill level 8 in Stealth
  5243 | D:4      | Identified a +0 rod of inaccuracy (9/9) (You found it on level 4 of the Dungeon)
  5252 | D:5      | Entered Level 5 of the Dungeon
  5252 | D:5      | Noticed Sigmund
  5253 | D:5      | Killed Sigmund
  5253 | D:5      | Reached skill level 9 in Stealth
  5359 | D:5      | Reached XP level 8. HP: 31/36 MP: 2/19
  6162 | D:5      | Learned a level 2 spell: Repel Missiles
  6165 | D:5      | Learned a level 2 spell: Blink
  6306 | D:6      | Found a staircase to the Ecumenical Temple.
  6326 | Temple   | Entered the Ecumenical Temple
  6343 | Temple   | Became a worshipper of Dithmenos the Shadowed
  6393 | D:6      | Found Siofe's Magic Scroll Emporium.
  6408 | D:6      | Bought a scroll of identify for 30 gold pieces
  6408 | D:6      | Bought a scroll of identify for 30 gold pieces
  6532 | D:6      | Reached skill level 10 in Stealth
  6963 | D:6      | Found a shimmering altar of Xom.
  6965 | D:6      | Found a stormy altar of Qazlal.
  6965 | D:6      | Found a shadowy altar of Dithmenos.
  6983 | D:6      | Found an iron altar of Okawaru.
  6983 | D:6      | Found a glowing golden altar of the Shining One.
  6983 | D:6      | Found a bloodstained altar of Trog.
  7592 | D:7      | Reached * piety under Dithmenos
  7592 | D:7      | Reached skill level 11 in Stealth
  7901 | D:7      | Reached XP level 9. HP: 34/39 MP: 15/22
  8082 | D:7      | Noticed Menkaure
  8110 | D:7      | Killed Menkaure
  9263 | D:7      | Reached skill level 12 in Stealth
  9524 | D:8      | Reached ** piety under Dithmenos
  9541 | D:8      | Reached skill level 10 in Hexes
  9963 | D:8      | Reached skill level 10 in Spellcasting
  9963 | D:8      | Reached skill level 1 in Charms
 10045 | D:8      | Reached skill level 1 in Air Magic
 10186 | D:8      | Reached XP level 10. HP: 40/44 MP: 11/25
 10834 | D:9      | Reached *** piety under Dithmenos
 11083 | D:9      | Reached skill level 13 in Stealth
 11744 | D:9      | Found a staircase to the Lair.
 11749 | D:9      | Reached skill level 5 in Charms
 11934 | D:9      | Reached skill level 5 in Dodging
 12767 | D:10     | Entered Level 10 of the Dungeon
 12768 | D:10     | Noticed a hill giant
 12772 | D:10     | Noticed a hill giant
 12807 | D:10     | Found a staircase to the Orcish Mines.
 12810 | D:10     | Noticed an orc knight
 12895 | Lair:1   | Entered Level 1 of the Lair of Beasts
 12974 | Lair:1   | Reached **** piety under Dithmenos
 13051 | Lair:1   | Reached XP level 11. HP: 26/47 MP: 6/27
 13174 | Lair:1   | Noticed a four-headed hydra
 13202 | Lair:1   | Killed a four-headed hydra
 13614 | Lair:1   | Noticed a six-headed hydra
 13637 | Lair:1   | Killed a six-headed hydra
 14364 | Lair:2   | Reached skill level 14 in Stealth
 14473 | Lair:2   | Reached skill level 1 in Translocations
 14611 | Lair:2   | Found a staircase to the Snake Pit.
 14634 | Lair:2   | Reached skill level 5 in Air Magic
 15516 | Lair:3   | Reached XP level 12. HP: 44/51 MP: 24/29
 15777 | D:10     | Found Daonenaj's Antique Armour Emporium.
 15845 | D:10     | Reached ***** piety under Dithmenos
 15874 | D:10     | Found a runed door.
 15875 | D:10     | Noticed an ice dragon
 15877 | D:10     | Noticed a fire dragon
 15877 | D:10     | Noticed a fire dragon
 15878 | D:10     | Noticed an ice dragon
 15898 | D:10     | Found a runed door.
 16164 | D:10     | Found Coacuel's Book Shop.
 16976 | D:11     | Reached skill level 5 in Translocations
 17583 | D:11     | Reached skill level 1 in Fighting
 17956 | D:11     | Reached skill level 15 in Stealth
 18345 | D:12     | Found a frozen archway.
 18473 | IceCv    | Entered an ice cave
 18958 | D:12     | Reached ****** piety under Dithmenos
 18979 | D:12     | Reached skill level 10 in Dodging
 19148 | D:12     | Reached XP level 13. HP: 59/59 MP: 30/30
 19153 | D:12     | Reached skill level 16 in Stealth
 19471 | D:13     | Found a runed door.
 19824 | D:13     | Found a runed door.
 19841 | D:13     | Found a runed door.
 19983 | D:13     | Found a runed door.
 20317 | D:13     | Found a glowing golden altar of the Shining One.
 20388 | D:13     | Found a gate to the Vaults.
 20457 | D:13     | Reached skill level 17 in Stealth
 20538 | D:13     | Reached skill level 5 in Short Blades
 22228 | Lair:4   | Reached skill level 18 in Stealth
 22474 | Lair:4   | Found a staircase to the Shoals.
 22623 | Lair:4   | Noticed Snorg
 22626 | Lair:4   | Killed Snorg
 22836 | Lair:4   | Reached XP level 14. HP: 47/67 MP: 11/31
 23354 | Lair:5   | Found a staircase to the Slime Pits.
 24065 | Lair:6   | Entered Level 6 of the Lair of Beasts
 24257 | Lair:6   | Noticed Rupert
 24755 | Lair:6   | Killed Rupert
 25058 | Lair:6   | Reached skill level 19 in Stealth
 25082 | Lair:6   | Noticed Nessos
 25084 | Lair:6   | Killed Nessos
 25106 | Lair:6   | Found a burning altar of Makhleb.
 25707 | Lair:6   | Found a gateway to Hell.
 26116 | Lair:1   | Learned a level 5 spell: Metabolic Englaciation
 26120 | Lair:1   | Learned a level 3 spell: Mephitic Cloud
 26182 | Orc:1    | Entered Level 1 of the Orcish Mines
 26202 | Orc:1    | Reached skill level 15 in Dodging
 26504 | Orc:1    | Found Atowef's Quality Used Wands.
 27102 | Orc:2    | Entered Level 2 of the Orcish Mines
 27103 | Orc:2    | Found Genach's Antique Weapon Shoppe.
 27124 | Orc:2    | Noticed an orc warlord
 27125 | Orc:2    | Killed an orc warlord
 27513 | Orc:2    | Noticed an orc warlord
 27514 | Orc:2    | Found Maakhaqo's Jewellery Boutique.
 27939 | Orc:2    | Reached skill level 20 in Stealth
 27992 | Orc:2    | Found a staircase to the Elven Halls.
 28003 | Orc:2    | Found Tuachong's Antique Armour Shop.
 28269 | Orc:2    | Found Umahuxan's General Store.
 28279 | Orc:2    | Reached XP level 15. HP: 70/70 MP: 24/32
 28770 | Orc:2    | Found Vaag's Assorted Antiques.
 28882 | Orc:2    | Bought a scroll of teleportation for 84 gold pieces
 28882 | Orc:2    | Bought a ruby potion for 25 gold pieces
 29006 | Orc:2    | Noticed an orc warlord
 29182 | Orc:2    | Noticed an orc warlord
 29231 | Orc:2    | Annihilated by an orc warlord

Skill      XL: |  1  2  3  4  5  6  7  8  9 10 11 12 13 14 15 |
---------------+----------------------------------------------+-----
Stealth        | 5 6 7 9 11 12 13 14 15 18 20 | 20.6
Spellcasting   | 3 4 5 6 8 10 11 12 | 12.3
Hexes          | 4 5 6 7 9 10 11 12 | 12.5
Charms         | 3 6 8 9 |  9.5
Air Magic      | 1 3 5 |  5.9
Dodging        | 5 6 10 13 15 16 | 16.3
Translocations | 3 5 |  5.1
Fighting       | 2 4 |  4.5
Short Blades   | 3 6 8 |  8.8
Ice Magic      | |  0.7

Action                   |  1- 3 |  4- 6 |  7- 9 | 10-12 | 13-15 || total
-------------------------+-------+-------+-------+-------+-------++-------
Melee: Dagger            |   127 |   127 |   296 |       |       ||   550
       Short sword       |       |       |   105 |   628 |   733 ||  1466
 Cast: Ensorcelled Hiber |    25 |    16 |    49 |   118 |   144 ||   352
       Confuse           |       |    18 |    61 |   132 |   174 ||   385
       Repel Missiles    |       |       |     2 |       |     1 ||     3
       Blink             |       |       |       |     1 |     2 ||     3
Invok: Shadow Step       |       |       |       |       |     3 ||     3
Evoke: Wand              |       |       |       |     1 |       ||     1
  Use: Scroll            |       |     1 |    11 |    12 |    11 ||    35
       Potion            |       |       |     2 |       |       ||     2
 Stab: Sleeping          |    19 |    17 |    56 |   126 |   159 ||   377
       Confused          |       |    12 |    45 |   104 |   106 ||   267
       Held in net/web   |       |       |     1 |       |       ||     1
       Distracted        |       |       |     2 |     1 |     4 ||     7
  Eat: Bread ration      |       |     1 |     1 |     1 |       ||     3
       Royal jelly       |       |       |     1 |       |       ||     1
       Pizza             |       |       |       |     1 |     1 ||     2
       Fruit             |       |       |       |       |     6 ||     6
Armor: Robe              |    19 |     3 |    35 |     9 |    12 ||    78
       Troll leather arm |       |       |       |       |     7 ||     7
Dodge: Dodged            |   104 |    74 |   260 |   436 |   645 ||  1519
       Deflected         |       |       |     2 |       |     6 ||     8
